 Dungeon Crawl Stone Soup version 0.30.1-11-g7821555f0a (webtiles) character file.

Game seed: 11665701088780088431

240 MOCHET the Magician (level 6, -15/45 HPs)
             Began as a Djinni Fire Elementalist on Dec 13, 2023.
             Was an Initiate of Gozag.
             Demolished by an ogre
             ... wielding a +0 giant club
              (34 damage)
             ... on level 4 of the Dungeon.
             The game lasted 00:21:15 (2920 turns).

MOCHET the Magician (Djinni Fire Elementalist)      Turns: 2920, Time: 00:21:17

Health: -15/45     AC:  6    Str:  7    XL:     6   Next: 30%
Gold:   110        EV: 13    Int: 19    God:    Gozag SH:  0 Dex: 13

rFire   + + .        d - +0 war axe (flame)
rCold   x . .        (no shield)
rNeg    . . .        a - +0 robe
rPois   ∞            (no helmet)
rElec   .            (no cloak)
rCorr   .            (no gloves)
SInv    .            (boots unavailable)
Will    .....        m - amulet of regeneration
Stlth   ++           s - +4 ring of protection
HPRegen 1.07/turn    (no ring)
MPRegen 0.00/turn

%: infuse magic (-16 HP)
@: flying
A: sickness immunity, fire resistance 2, cold vulnerability 1, float, innate
caster, HP casting, extra vitality 1
a: Renounce Religion, Potion Petition, Call Merchant, Bribe Branch


You were on level 4 of the Dungeon.
You worshipped Gozag.
Gozag was aware of your devotion.
You visited 2 branches of the dungeon, and saw 5 of its levels.

You collected 161 gold pieces.
You paid 51 gold pieces to Gozag.

Inventory:

Hand Weapons
 d - a +0 war axe of flaming (weapon)
Missiles
 n - a throwing net
Armour
 a - a +0 robe (worn)
Jewellery
 m - an amulet of regeneration (around neck)
 p - an amulet of regeneration
 s - a +4 ring of protection (left hand)
Scrolls
 b - 2 scrolls of fear
 e - a scroll of immolation {unknown}
 h - a scroll of noise {unknown}
 j - 3 scrolls of identify {unknown}
 k - a scroll of enchant armour {unknown}
 q - a scroll of blinking {unknown}
 r - a scroll of teleportation
Potions
 c - a potion of cancellation {unknown}
 f - a potion of berserk rage {unknown}
 g - a potion of degeneration {unknown}
 i - 2 potions of curing {unknown}
 l - 2 potions of brilliance
 o - a potion of lignification {unknown}
 t - a potion of haste


   Skills:
 + Level 2.5 Fighting
 + Level 3.8 Dodging
 - Level 1.7 Stealth
 * Level 4.0 Spellcasting


You knew the following spells:

 Your Spells              Type           Power      Damage    Failure   Level
a - Foxfire               Conj/Fire      76%        2x1d7     2%          1
b - Scorch                Fire           38%        2d7       4%          2
c - Volatile Blastmotes   Fire/Tloc      38%        2d13      8%          3
d - Inner Flame           Hex/Fire       19%        N/A       8%          3
e - Flame Wave            Conj/Fire      19%        2d7       26%         4
f - Shock                 Conj/Air       76%        1d7       2%          1
g - Lesser Beckoning      Tloc           38%        N/A       4%          2
Your spell library was empty.

Dungeon Overview and Level Annotations

Branches:
Dungeon (4/15)             Temple (1/1) D:4

Altars:
Ashenzari
Cheibriados
Dithmenos
Fedhas
Gozag
Hepliaklqana
Nemelex Xobeh
Okawaru
Trog
Wu Jian
Xom
Yredelemnul
Zin


Innate Abilities, Weirdness & Mutations

You are immune to sickness and miasma.
You are immune to poison.
Your flesh is very heat resistant. (rF++)
You are vulnerable to cold. (rC-)
You float through the air rather than walking.
You learn spells naturally, not from books.
Your magical power is your life essence.
You have superior vitality. (+4 MHP)


Message History

The black bear is heavily wounded.
The black bear's fire resistance burns away.
The black bear bites you. The black bear claws you. The black bear misses you.
Casting: Scorch (safe; 4% risk of failure)
Confirm with . or Enter, or press ? or * to list all spells.
Flames lash the black bear.
The black bear is burned terribly!
The black bear is heavily wounded.
The black bear bites you.
The black bear claws you but does no damage.
The black bear claws you.
Casting: Scorch (safe; 4% risk of failure)
Confirm with . or Enter, or press ? or * to list all spells.
Flames lash the black bear.
The black bear is burned terribly!
You kill the black bear!
Your Spellcasting skill increases to level 4!
You have reached level 6!
HP restored.
You now have 78 gold pieces (gained 6).
You now have 100 gold pieces (gained 22).
s - a +4 ring of protection
s - a +4 ring of protection (left hand)
You now have 110 gold pieces (gained 10).
j - 3 scrolls labelled LYECIE ADEI (gained 1)
t - a potion of haste
Found a stone staircase leading up.
An ogre comes into view. It is wielding a +0 giant club.
Found 8 stones.
The ogre shouts!
A hound comes into view.
The ogre attacks as you move away!
The ogre hits you with a +0 giant club!!
Ouch! That really hurt!
You hear a bark!
Casting: Scorch (safe; 4% risk of failure)
Confirm with . or Enter, or press ? or * to list all spells.
A cloud of volatile blastmotes flares up around you!
The ogre hits you with a +0 giant club!!
Ouch! That really hurt!
You die...
Your body crumbles into a pile of gold.

#.###.##### #.........#
#.###.###.# ....#.# #.#
#.#.#.# #.# ### $
......###.####.###
#.#..............#######(
.........................
#.###...........@Oh$<....
#.###..##..###(..#.####..
#................#.# #..
#####..###.####.##.h ...
#..# #.# #.# ### #.# #..#
#.# #.# #.# #..# #.# #.#
#.# ...# #.# #.# #.#
##.## #.# ##.#######.#


You could see an ogre and a hound.

Vanquished Creatures
  A black bear (D:4)
  An orc priest (D:3)
  2 adders
  An ufetubus (D:4)
  3 worms
  A dart slug (D:1)
  6 orcs (D:3)
  6 ball pythons
  5 endoplasms
  15 giant cockroaches
  6 goblins
  5 hobgoblins
  5 quokkas
  6 bats
  10 kobolds
  9 rats
  2 butterflies (D:4)
84 creatures vanquished.

Vanquished Creatures (collateral kills)
  7 foxfires (D:1)
7 creatures vanquished.

Vanquished Creatures (others)
  193 foxfires
193 creatures vanquished.

Grand Total: 284 creatures vanquished

Notes
Turn   | Place    | Note
-------+----------+-------------------------------------------
     0 | D:1      | MOCHET the Djinni Fire Elementalist began the quest for the
                  | Orb.
     0 | D:1      | MOCHET set off with the following spells memorised:
                  | Foxfire, Scorch, Volatile Blastmotes, Inner Flame, Flame
                  | Wave.
     0 | D:1      | Reached XP level 1. HP: 15/15 MP: 0/0
   208 | D:1      | Reached XP level 2. HP: 20/21 MP: 0/0
   257 | D:1      | Found a faded altar of an unknown god.
   904 | D:2      | Reached XP level 3. HP: 25/26 MP: 0/0
   904 | D:2      | Learned a level 1 spell: Shock
   930 | D:2      | Reached skill level 1 in Fighting
   954 | D:2      | Reached skill level 3 in Spellcasting
  1181 | D:2      | Reached XP level 4. HP: 30/32 MP: 0/0
  1821 | D:3      | Found a bloodstained altar of Trog.
  2019 | D:3      | Reached XP level 5. HP: 22/38 MP: 0/0
  2019 | D:3      | Learned a level 2 spell: Lesser Beckoning
  2236 | D:3      | Found a shimmering altar of Xom.
  2244 | D:3      | Found a snail-covered altar of Cheibriados.
  2572 | D:4      | Found a staircase to the Ecumenical Temple.
  2602 | Temple   | Entered the Ecumenical Temple
  2726 | Temple   | Became a worshipper of Gozag Ym Sagoz the Greedy
  2817 | D:4      | Noticed a black bear
  2825 | D:4      | Killed a black bear
  2826 | D:4      | Reached skill level 4 in Spellcasting
  2826 | D:4      | Reached XP level 6. HP: 20/45 MP: 0/0
  2918 | D:4      | Noticed an ogre
  2920 | D:4      | Demolished by an ogre

Illustrated notes

Levels and vault maps discovered:
D:1:      shiori_shiawase, layout_basic, dreamdust_ecumenical_altar_grove,
          chequers_serial_rivers_small_a
D:2:      minmay_roachtagon, layout_loops_ring
D:3:      layout_loops_ring, trog_hazing_becter, minitemple, grunt_ministairs_7
D:4:      layout_loops_ring, hangedman_ru_absence,
          minmay_temple_entry_butterflies, kennysheep_generic_room_16
Temple:   nicolae_temple_bog_church

Skill      XL: |  1  2  3  4  5 |
---------------+----------------+-----
Fighting       | 1 2 |  2.5
Spellcasting   | 3 4 |  4.0
Dodging        | 3 |  3.8
Stealth        | |  1.7

Action                     |  1- 3 |  4- 6 || total
---------------------------+-------+-------++-------
  Melee: War axe           |     1 |       ||     1
   Cast: Foxfire           |    54 |    74 ||   128
         Shock             |    14 |    16 ||    30
         Scorch            |       |     3 ||     3
         Volatile Blastmot |       |     1 ||     1
    Use: Potion            |     2 |       ||     2
         Scroll            |     1 |     1 ||     2
 Armour: Robe              |    33 |     7 ||    40
  Dodge: Dodged            |    56 |    25 ||    81
